 Dungeon Crawl Stone Soup version 0.27-a0-1579-g97d2440184 (webtiles) character file.

Game seed: 7466114705279465864

2 flotson the Sneak (level 1, -3/18 HPs)
             Began as a Demonspawn Delver on July 18, 2021.
             Slain by a hound (4 damage)
             ... on level 4 of the Dungeon.
             The game lasted 00:01:09 (256 turns).

flotson the Sneak (Demonspawn Delver)                Turns: 256, Time: 00:01:10

Health: -3/18      AC:  3    Str: 12    XL:     1   Next: 33%
Magic:  1/1        EV: 11    Int: 11    God:
Gold:   5          SH:  0    Dex: 14    Spells: 0/0 levels left

rFire    . . .     SeeInvis .   a - +0 hand axe
rCold    . . .     Faith    .   (no shield)
rNeg     . . .     Spirit   .   b - +0 leather armour
rPois    .         Reflect  .   (no helmet)
rElec    .         Harm     .   (no cloak)
rCorr    .         Rampage  .   (no gloves)
Will     .....                  (no boots)
Stlth    ++........             (no amulet)
HPRegen  0.06/turn              (no ring)
MPRegen  0.07/turn              (no ring)

@: no status effects
A: no striking features
a: no special abilities


You were on level 4 of the Dungeon.
You visited 1 branch of the dungeon, and saw 2 of its levels.

You collected 5 gold pieces.

Inventory:

Hand Weapons
 a - a +0 hand axe (weapon)
Armour
 b - a +0 leather armour (worn)
Wands
 g - a wand of digging (3)
Scrolls
 h - a scroll of summoning {unknown}
 i - a scroll of identify {unknown}
 j - a scroll of amnesia {unknown}
Potions
 f - a potion of magic {unknown}


   Skills:
 + Level 3.0 Fighting
 + Level 1.8 Axes
 + Level 0.1 Armour
 + Level 1.8 Dodging
 - Level 4.5 Stealth


You couldn't memorise any spells.
You didn't know any spells.
Your spell library was empty.

Dungeon Overview and Level Annotations

Branches:
Dungeon (5/15)
 Temple: D:4-7

Altars:


Message History

Found an escape hatch in the floor.
The iguana hisses angrily.
A water moccasin skeleton comes into view.
A hound comes into view.
The hound barks!
As you read the scroll of fog, it crumbles to dust.
The scroll dissolves into smoke.
The hound closely misses you. The hound bites you. The hound bites you.
The hound completely misses you.
The hound pauses to sniff the ground.
The hound closely misses you. The hound bites you. The hound bites you.
As you read the scroll of fear, it crumbles to dust.
You assume a fearsome visage.
The hound looks frightened!
Found a short sword.
As you read the scroll of magic mapping, it crumbles to dust.
You feel aware of your surroundings. As you open the door, it creaks loudly!
The hound bites you.
A giant cockroach comes into view.
The hound closely misses you.
There is an open door here.
The giant cockroach closely misses you. The hound bites you.
You closely miss the giant cockroach. You hit the hound. The hound bites you.
* * * LOW HITPOINT WARNING * * *
The giant cockroach bites you.
* * * LOW HITPOINT WARNING * * *
You hit the giant cockroach.
The giant cockroach is moderately wounded.
You miss the hound. The hound closely misses you.
The giant cockroach barely misses you. The hound barely misses you.
The giant cockroach bites you.
* * * LOW HITPOINT WARNING * * *
You hit the giant cockroach but do no damage.
The giant cockroach is moderately wounded.
You hit the hound. The hound bites you.
You die...

#.#######
#.#.#.#**,*
#...h...# #.#.#.#
*,,
#######.######.#.#,#
**, #.......#.#.#,*
*, #.......#.#.#,*
** #.......#.#,*,* *
##'######,,,*,* *
#h#*********,*
#@#*,,,,,,,,,*
#B#,,,,,,,,,,*
#.#,,,,,,,,,,* *
#.#,**,,,,*,,* *
#.#,**,**,*,,* *
#.#,**,**,*,,* *
#.#,**,**,*,,*****
#.#,**,**,*,,,,,,,
*,*,**,*,,*,******


You could see a hound and a giant cockroach.

Vanquished Creatures
  A dart slug (D:4)
1 creature vanquished.

Notes
Turn   | Place    | Note
-------+----------+-------------------------------------------
     0 | D:5      | flotson the Demonspawn Delver began the quest for the Orb.
     0 | D:5      | Reached XP level 1. HP: 18/18 MP: 1/1
   134 | D:5      | Noticed a water moccasin zombie
   200 | D:4      | Noticed an iguana
   208 | D:4      | Noticed a hound
   256 | D:4      | Slain by a hound

Illustrated notes

Levels and vault maps discovered:
D:4:      layout_basic, minmay_misc_feat_plants, ebering_dispersal_statue_hall,
          uniq_robin, uniq_pikel
D:5:      layout_gridville, lemuel_tele_altar, grunt_ashenzari_visionary
          [grunt_ashenzari_visionary_swamp, grunt_ashenzari_visionary_snake],
          gammafunk_ghost_mausoleum, serial_rivers,
          chequers_serial_rivers_small_a, chequers_serial_rivers_large_b,
          chequers_serial_rivers_small_b, chequers_serial_rivers_small_3,
          kennysheep_doodads

Action                   || total
-------------------------++-------
Melee: Hand axe          ||     6
  Use: Scroll            ||     3
       Potion            ||     1
Armor: Leather armour    ||     2
Dodge: Dodged            ||     8

Table legend: (Time is in decaauts)
 A = Elapsed time spent in this place.
 B = Non-inter-level travel time spent in this place.
 C = Inter-level travel time spent in this place.
 D = Time resting spent in this place.
 E = Time spent auto-exploring this place.
 F = Levels seen in this place.
 G = Mean time per level.
                   A        B        C        D        E       F      G
               +--------+--------+--------+--------+--------+-----+--------+
         Total |    246 |    246 |      0 |      0 |    136 |   2 |  123.0 |
       Dungeon |    246 |    246 |      0 |      0 |    136 |   2 |  123.0 |
               +--------+--------+--------+--------+--------+-----+--------+

Top non-repeatable levels by time:
     D:5: 177 daAuts
     D:4: 68 daAuts
